 Dungeon Crawl Stone Soup version 0.29.1-13-g9f3cf754e1 (webtiles) character file.

Game seed: 4323190039030328374

196 Thatpatchoflichen the Chopper (level 5, 0/46 HPs)
             Began as a Hill Orc Gladiator on Jan 28, 2023.
             Slain by a gnoll
             ... wielding a +0 flail
              (6 damage)
             ... on level 3 of the Dungeon.
             The game lasted 00:05:52 (3606 turns).

Thatpatchoflichen the Chopper (Hill Orc Gladiator)  Turns: 3606, Time: 00:05:52

Health: 0/46       AC:  7    Str: 19    XL:     5   Next: 74%
Magic:  5/5        EV: 10    Int:  8    God:
Gold:   116        SH:  0    Dex: 12    Spells: 4/4 levels left

rFire   . . .      SeeInvis .   a - +0 war axe
rCold   . . .      Faith    .   (no shield)
rNeg    . . .      Spirit   .   l - +0 scale mail
rPois   .          Reflect  .   c - +0 helmet
rElec   .          Harm     .   (no cloak)
rCorr   .          Rampage  .   (no gloves)
Will    .....                   (no boots)
Stlth   ..........              (no amulet)
HPRegen 0.15/turn               (no ring)
MPRegen 0.09/turn               (no ring)

@: no status effects
A: no striking features
a: no special abilities


You were on level 3 of the Dungeon.
You visited 1 branch of the dungeon, and saw 3 of its levels.

You collected 116 gold pieces.

Inventory:

Hand Weapons
 a - a +0 war axe (weapon)
Missiles
 d - 3 throwing nets (quivered)
 e - a javelin
 j - 10 boomerangs
Armour
 b - a +0 leather armour
 c - a +0 helmet (worn)
 l - a +0 scale mail (worn)
Wands
 r - a wand of paralysis (6)
Scrolls
 m - a scroll of fear {unknown}
 n - 4 scrolls of identify {unknown}
 p - a scroll of enchant armour {unknown}
 q - 2 scrolls of teleportation {unknown}
 u - a scroll of torment {unknown}
 v - a scroll of vulnerability {unknown}
Potions
 f - a potion of attraction {unknown}
 g - a potion of brilliance {unknown}
 h - 4 potions of degeneration {unknown}
 i - 2 potions of flight {unknown}
 k - a potion of resistance {unknown}
 o - 2 potions of berserk rage {unknown}
 s - a potion of curing {unknown}
 t - a potion of might {unknown}


   Skills:
 + Level 4.0 Fighting
 + Level 5.4 Axes
 - Level 1.7 Throwing
 + Level 2.6 Armour
 + Level 3.2 Dodging


You had 4 spell levels left.
You didn't know any spells.
Your spell library contained the following spells:

 Spells                   Type           Power      Damage    Failure   Level
 Apportation              Tloc           0%         N/A       78%         1
 Necrotise                Necr           0%         1d4       78%         1
 Summon Small Mammal      Summ           0%         N/A       78%         1
 Poisonous Vapours        Pois/Air       0%         N/A       89%         2
 Corpse Rot               Necr/Pois/Air  0%         N/A       100%        4


Dungeon Overview and Level Annotations

Branches:
Dungeon (3/15)

Altars:

Shops:
D:1 *


Message History

The worm bites you!
You hit the worm. Your punch misses the worm.
The worm is heavily wounded.
The worm bites you.
You slash the worm!
You kill the worm!
A gnoll comes into view. It is wielding a +0 whip.
The gnoll shouts!
You see here a worm corpse.
A gnoll comes into view. It is wielding a +0 spear.
There are monsters nearby!
A gnoll comes into view. It is wielding a +0 flail.
The gnoll shouts!
A gnoll comes into view. It is wielding a +0 whip.
The gnoll moves out of view.
You closely miss the gnoll. The gnoll hits you with a +0 whip. x2
You barely miss the gnoll. The gnoll closely misses you.
You hit the gnoll.
The gnoll is moderately wounded.
The gnoll misses you.
You slash the gnoll!
You kill the gnoll!
You hit the gnoll but do no damage. The gnoll hits you with a +0 flail!
* * * LOW HITPOINT WARNING * * *
The gnoll closely misses you.
You hit the gnoll.
The gnoll is lightly wounded.
The gnoll hits you from afar with a +0 spear.
* * * LOW HITPOINT WARNING * * *
The gnoll closely misses you. x2
You hit the gnoll but do no damage.
The gnoll is lightly wounded.
The gnoll misses you.
The gnoll hits you from afar with a +0 spear.
* * * LOW HITPOINT WARNING * * *
The gnoll barely misses you.
You see here a worm corpse.
The gnoll attacks as you move away! The gnoll closely misses you.
The gnoll attacks as you move away! The gnoll hits you with a +0 flail.
You die...

#.'....... #.###'###. #.#
#.# #. #.# #.###. ###.#
#...'. #..)# #####. #.#.#
#. ##########.#.#######'
.######.gg@................
......)g###################
#########


You could see 3 gnolls.

Vanquished Creatures
  Natasha (thrice) (D:2)
  4 gnolls
  2 worms
  2 orcs
  A bat skeleton (D:2)
  10 endoplasms
  A giant cockroach (D:1)
  6 hobgoblins
  6 jackals
  8 kobolds
  5 quokkas
  7 ball pythons
  4 bats
  5 frilled lizards
  2 goblins
  A jackal skeleton (D:2)
  A quokka zombie (D:2)
  3 rats
71 creatures vanquished.

Vanquished Creatures (others)
  4 withered plants (D:2)
4 creatures vanquished.

Grand Total: 75 creatures vanquished

Notes
Turn   | Place    | Note
-------+----------+-------------------------------------------
     0 | D:1      | Thatpatchoflichen the Hill Orc Gladiator began the quest
                  | for the Orb.
     0 | D:1      | Reached XP level 1. HP: 18/18 MP: 1/1
   246 | D:1      | Reached XP level 2. HP: 22/25 MP: 2/2
   435 | D:1      | Reached skill level 1 in Armour
   747 | D:1      | Reached XP level 3. HP: 26/30 MP: 3/3
   863 | D:1      | Found Nack's Assorted Antiques.
  1374 | D:1      | Found a faded altar of an unknown god.
  1954 | D:2      | Noticed Natasha
  1967 | D:2      | Killed Natasha
  1968 | D:2      | Reached XP level 4. HP: 3/38 MP: 4/4
  2365 | D:2      | Noticed Natasha
  2373 | D:2      | Killed Natasha
  2374 | D:2      | Reached skill level 5 in Axes
  2743 | D:2      | Reached XP level 5. HP: 36/46 MP: 5/5
  2913 | D:2      | Noticed Natasha
  2927 | D:2      | Killed Natasha
  3606 | D:3      | Slain by a gnoll

Illustrated notes

Levels and vault maps discovered:
D:1:      erik_arrival_cave_to_civilisation [erik_arrival_cave_to_hall],
          layout_basic, shapermc_ecumenical_altar_ellora, serial_shops,
          nicolae_shop_stone, corexii_item_surrounded_by_moat
D:2:      layout_rooms, serial_undead, serial_undead_e, serial_undead_b,
          serial_undead_f, serial_undead_c, kennysheep_generic_room_8,
          uniq_natasha
D:3:      layout_loops_ring, hangedman_decor_push, minmay_door_square,
          kennysheep_generic_room_5, uniq_sigmund

Skill      XL: |  1  2  3  4  5 |
---------------+----------------+-----
Armour         | 1 2 |  2.6
Fighting       | 3 4 |  4.0
Axes           | 5 |  5.4
Dodging        | 3 |  3.2
Throwing       | |  1.7

Action                   |  1- 3 |  4- 6 || total
-------------------------+-------+-------++-------
Melee: War axe           |   137 |    82 ||   219
       Punch             |     1 |       ||     1
Armor: Leather armour    |    17 |       ||    17
       Scale mail        |    68 |    47 ||   115
Dodge: Dodged            |   125 |    76 ||   201
